 Dungeon Crawl Stone Soup version 0.31.0-1-g2c135a0 (webtiles) character file.

Game seed: 9935454510511321482

5 edsrzf the Slasher (level 1, -1/14 HPs)
             Began as an Octopode Reaver on Jan 31, 2024.
             Frozen to death by an endoplasm (4 damage)
             ... on level 1 of the Dungeon.
             The game lasted 00:00:27 (164 turns).

edsrzf the Slasher (Octopode Reaver)                 Turns: 164, Time: 00:00:27

Health: -1/14      AC:  1    Str: 11    XL:     1   Next: 80%
Magic:  3/3        EV: 13    Int: 15    God:
Gold:   36         SH:  0    Dex: 10    Spells: 3/4 levels left

rFire   . . .        a - +0 falchion
rCold   . . .        (no shield)
rNeg    . . .        (helmet restricted)
rPois   .            (no amulet)
rElec   .            (no ring)
rCorr   .            (no ring)
SInv    .            (no ring)
Will    .....        (no ring)
Stlth   ++           (no ring)
HPRegen 0.22/turn    (no ring)
MPRegen 0.08/turn    (no ring)
                     (no ring)

%: no passive effects
@: no status effects
A: almost no armour, amphibious, 8 rings, camouflage 1, gelatinous body 1,
(nimble swimmer 1), tentacles
a: no special abilities


You were on level 1 of the Dungeon.
You visited 1 branch of the dungeon, and saw 1 of its levels.

You collected 36 gold pieces.

Inventory:

Hand Weapons
 a - a +0 falchion (weapon)
Potions
 b - a potion of attraction {unknown}


   Skills:
 - Level 2.0 Fighting
 + Level 3.2 Long Blades
 - Level 2.0 Dodging
 + Level 1.3 Stealth
 - Level 2.0 Spellcasting
 - Level 3.0 Conjurations


You had 3 spell levels left.
You knew the following spells:

 Your Spells              Type           Power      Damage    Failure   Level
a - Kiss of Death         Conj/Necr      24%        2d7       12%         1

Your spell library contained the following spells:

 Spells                   Type           Power      Damage    Failure   Level
 Momentum Strike          Conj/Tloc      12%        3d8       19%         2
 Hailstorm                Conj/Ice       6%         3d5       34%         3


Dungeon Overview and Level Annotations

Branches:
Dungeon (1/15)

Altars:


Innate Abilities, Weirdness & Mutations

You cannot wear most types of armour.
You are amphibious.
You can wear up to eight rings at the same time.
Your skin changes colour to match your surroundings (Stealth+).
Your rubbery body absorbs attacks. (AC +1, EV +1)
((You are camouflaged when in or above water. (Stealth+)))
You have tentacles for arms and can constrict up to eight enemies at once.


Message History

Welcome, edsrzf the Octopode Reaver.
Will you prevail where others failed? Will you find the Orb of Zot?
Press ? for a list of commands and other information.
Found an escape hatch in the floor.
Found a staircase leading out of the dungeon.
Autoexplore enabled for D:1
There is a dry fountain, spattered with blood here.
You now have 7 gold pieces.
A frilled lizard comes into view.
The frilled lizard hisses angrily.
The frilled lizard bites you.
You barely miss the frilled lizard. Your grab misses the frilled lizard.
The frilled lizard closely misses you.
You closely miss the frilled lizard. Your grab misses the frilled lizard.
Your squeeze misses the frilled lizard. The frilled lizard barely misses you.
You slash the frilled lizard!
You kill the frilled lizard!
Found a murky clear potion.
b - a murky clear potion You now have 20 gold pieces (gained 13).
Found a stone staircase leading down.
A ball python and a rat come into view.
The rat squeaks loudly.
There are monsters nearby!
The ball python hisses angrily.
There is a stone staircase leading down here.
You closely miss the ball python. Your grab misses the ball python.
You squeeze the ball python.
You kill the ball python!
You see here a ball python corpse.
You slash the rat!
You kill the rat!
A bat comes into view.
You see here 8 gold pieces.
A bat is nearby!
You now have 28 gold pieces (gained 8).
A frilled lizard comes into view.
The frilled lizard hisses angrily.
The bat hits you but does no damage.
You hit the bat.
You kill the bat!
You hit the frilled lizard but do no damage.
Your grab misses the frilled lizard. The frilled lizard barely misses you.
You hit the frilled lizard. Your grab misses the frilled lizard.
The frilled lizard is heavily wounded.
The frilled lizard closely misses you.
You closely miss the frilled lizard. Your grab misses the frilled lizard.
The frilled lizard is heavily wounded.
The frilled lizard barely misses you.
You hit the frilled lizard.
You kill the frilled lizard!
Your Stealth skill increases to level 1!
Unknown command.
Found a dagger.
A malevolent force fills the Dungeon... and a teleportation trap spontaneously manifests!
You are yanked towards a nearby monster!
Your surroundings suddenly seem different.
A ball python comes into view.
Found 8 gold pieces.
The helpless ball python fails to defend itself.
You slash the ball python!
You kill the ball python!
You now have 36 gold pieces (gained 8).
Found 4 stones.
A goblin comes into view. It is wielding a +0 club.
The goblin shouts!
The goblin hits you with a +0 club.
You hit the goblin.
You kill the goblin!
You see here a +0 club.
HP restored.
Found 8 stones.
You see here 8 stones.
An endoplasm comes into view.
Found 12 gold pieces.
The endoplasm barely misses you.
You hit the endoplasm but do no damage. The endoplasm freezes you.
You are frozen.
You hit the endoplasm but do no damage. The endoplasm freezes you.
You are frozen.
You barely miss the endoplasm. Your squeeze misses the endoplasm.
The endoplasm jiggles.
The endoplasm freezes you.
You are frozen.
* * * LOW HITPOINT WARNING * * *
You hit the endoplasm.
The endoplasm is almost dead.
The endoplasm freezes you.
You are frozen.
You die...

......##..#######.
....#$##..### #
#...#....# ##
#.....##.# .# ####
#...#.##.# .## #....
##....##.#####.# #.#
#..##..#...........#
.##
#......#..##.#######
## ##..@.##..##(# #
#.J..##..##.# #
##..##......# #
#..##.).#### #
####....# # ##..#.#
#..##.### #.......#
##..#(#.#


You could see an endoplasm.

Vanquished Creatures
  A goblin (D:1)
  2 ball pythons (D:1)
  A bat (D:1)
  2 frilled lizards (D:1)
  A rat (D:1)
7 creatures vanquished.

Notes
Turn   | Place    | Note
-------+----------+-------------------------------------------
     0 | D:1      | edsrzf the Octopode Reaver began the quest for the Orb.
     0 | D:1      | Reached XP level 1. HP: 14/14 MP: 3/3
    82 | D:1      | Reached skill level 1 in Stealth
   164 | D:1      | Frozen to death by an endoplasm

Illustrated notes

Levels and vault maps discovered:
D:1:      amcnicky_arrival_gap_in_the_tavern_cellar, layout_loops_ring,
          st_stairs_12, minmay_misc_feat_x

Skill      XL: |  1 |
---------------+----+-----
Stealth        | 1 |  1.3
Fighting       | |  2.0
Long Blades    | |  3.2
Dodging        | |  2.0
Spellcasting   | |  2.0
Conjurations   | |  3.0

Action                     || total
---------------------------++-------
  Melee: Falchion          ||    16
         Tentacles         ||     1
   Stab: Sleeping          ||     1
 Armour: Skin              ||     3
  Dodge: Dodged            ||     6
